 Dungeon Crawl Stone Soup version 0.30-a0-304-gdc4b735fe1 (webtiles) character file.

Game seed: 8710377611729829102

622225 blackman the Acrobat (level 25, -4/361 (367) HPs)
             Began as a Demigod Gladiator on Oct 20, 2022.
             Slain by a vampire knight
             ... wielding a +0 long sword
              (18 damage)
             ... on level 11 of a ziggurat on Oct 21, 2022.
             The game lasted 02:38:56 (72019 turns).

blackman the Acrobat (Demigod Gladiator)           Turns: 72019, Time: 02:38:57

HP:   -4/361 (367)  AC: 32    Str: 15    XL:     25   Next: 26%
MP:   0/55          EV:  2    Int: 17    God:
Gold: 8041          SH:  0    Dex: 59    Spells: 47/51 levels left

rFire   . . .      SeeInvis .    N - +6 great sword (holy)
rCold   . . .      Faith    .    (shield currently unavailable)
rNeg    . . .      Spirit   +    (body armour currently unavailable)
rPois   +          Reflect  .    (helmet currently unavailable)
rElec   .          Harm     .    (cloak currently unavailable)
rCorr   .          Rampage  .    (gloves currently unavailable)
Will    +++..      NoTele   +    (boots currently unavailable)
Stlth   ++++......               B - amulet of guardian spirit
HPRegen 0.80/turn                m - ring of the Mantidfly {Will+ MP+9 Dex+6}
MPRegen 0.34/turn                F - ring of Winter {Int+7 Dex+6}

@: tree-form, wreathed by umbra, studying 6 skills, lightly drained
A: stationary, stasis, torment immunity, boosted hp, high MP 1, forlorn, divine
attributes, (talons 1), wild magic 1
}: 4/15 runes: decaying, silver, abyssal, gossamer
a: no special abilities


You were on level 11 of a ziggurat.
You were a tree.
You visited 9 branches of the dungeon, and saw 44 of its levels.
You visited the Abyss 2 times.
You visited 1 bazaar.
You visited 1 ziggurat, and saw 11 of its levels.
You also visited: Sewer, Bailey, Gauntlet and Volcano.

You collected 9025 gold pieces.
You spent 984 gold pieces at shops.

Inventory:

Hand Weapons
 b - a +9 vampiric triple sword
 N - a +6 great sword of holy wrath (weapon)
Missiles
 x - a throwing net (quivered)
 A - 10 curare-tipped darts
Armour
 c - a +2 pair of gloves (melded)
 o - the +2 pair of boots of the Lost Path (melded) {rPois rCorr Dex+3}
   (You acquired it in a Gauntlet)

   Dex:       It affects your dexterity (+3).
   rPois:     It protects you from poison.
   rCorr:     It protects you from acid and corrosion.
 D - a +2 helmet of intelligence (melded)
 O - the +0 ring mail of Orones (melded) {Fly rF+ rC+ Slay+6}
   (You found it on level 11 of the Dungeon)

   Slay:      It affects your accuracy & damage with ranged weapons and melee
   (+6).
   rF:        It protects you from fire.
   rC:        It protects you from cold.
   Fly:       It grants you flight.
 T - a +2 cloak of willpower (melded)
Jewellery
 a - an amulet of the acrobat
 j - a +4 ring of slaying
 m - the ring of the Mantidfly (left branch) {Will+ MP+9 Dex+6}
   (You found it on level 3 of the Elven Halls)

   [ring of dexterity]

   Dex:       It affects your dexterity (+6).
   MP:        It affects your magic capacity (+9).
   Will:      It increases your willpower.
 B - an amulet of guardian spirit (around neck)
 F - the ring of Winter (right branch) {Int+7 Dex+6}
   (You found it on level 15 of the Dungeon)

   [ring of dexterity]

   Int:       It affects your intelligence (+7).
   Dex:       It affects your dexterity (+6).
 G - a ring of see invisible
 J - a ring of positive energy
Wands
 d - a wand of quicksilver (20)
 u - a wand of flame (81)
 y - a wand of paralysis (86)
 z - a wand of digging (10)
 S - a wand of roots (45)
Scrolls
 e - a scroll of summoning
 g - 17 scrolls of teleportation
 n - 6 scrolls of blinking
 t - 11 scrolls of amnesia
 v - 17 scrolls of butterflies
 H - 35 scrolls of identify
 I - 8 scrolls of magic mapping
 P - 7 scrolls of fear
 R - 6 scrolls of immolation
 U - a scroll of enchant armour
 V - 3 scrolls of silence
 Y - 4 scrolls of torment
Potions
 f - 19 potions of curing
 h - 2 potions of might
 i - 5 potions of invisibility {unknown}
 k - 2 potions of experience {unknown}
 l - 16 potions of flight
 p - 14 potions of heal wounds
 q - 7 potions of cancellation
 r - 9 potions of lignification
 s - 3 potions of magic
 w - a potion of resistance
 C - 5 potions of haste
 E - 9 potions of mutation
 L - 4 potions of berserk rage
 M - 8 potions of attraction
 Q - 7 potions of ambrosia
 X - 6 potions of brilliance
Miscellaneous
 K - a phial of floods
 W - a phantom mirror


   Skills:
 * Level 23.9 Fighting
 - Level 22.0 Long Blades
 - Level 5.0 Throwing
 - Level 12.5 Armour
 - Level 24.0 Dodging
 - Level 13.5 Spellcasting
 - Level 14.0 Translocations


You had 47 spell levels left.
You knew the following spells:

 Your Spells              Type           Power      Damage    Failure   Level
a - Manifold Assault      Tloc           67%        N/A       1%          4

Your spell library contained the following spells:

 Spells                   Type           Power      Damage    Failure   Level
 Blink                    Tloc           100%       N/A       1%          2
 Momentum Strike          Conj/Tloc      90%        3d10      1%          2
 Gell's Gravitas          Tloc           67%        N/A       1%          3
 Lesser Beckoning         Tloc           100%       N/A       1%          3
 Teleport Other           Tloc           67%        N/A       1%          3
 Passage of Golubria      Tloc           67%        N/A       1%          4
 Portal Projectile        Hex/Tloc       90%        N/A       2%          3
 Dispersal                Tloc           33%        N/A       5%          6
 Beastly Appendage        Tmut           28%        N/A       10%         1
 Kiss of Death            Conj/Necr      56%        2d9       10%         1
 Magic Dart               Conj           56%        1d5       10%         1
 Shock                    Conj/Air       56%        1d6       10%         1
 Slow                     Hex            56%        N/A       10%         1
 Cigotuvi's Dreadful Rot  Necr/Pois/Air  28%        N/A       13%         2
 Ensorcelled Hibernation  Hex/Ice        28%        N/A       13%         2
 Poisonous Vapours        Pois/Air       28%        N/A       13%         2
 Searing Ray              Conj           28%        2d5       13%         2
 Sublimation of Blood     Necr           14%        N/A       13%         2
 Wereblood                Tmut           14%        N/A       13%         2
 Summon Forest            Summ/Tloc      22%        N/A       14%         5
 Confusing Touch          Hex            14%        N/A       26%         3
 Dazzling Flash           Conj/Hex       28%        N/A       26%         3
 Hailstorm                Conj/Ice       14%        3d5       26%         3
 Ignite Poison            Fire/Tmut/Pois 14%        N/A       26%         3
 Inner Flame              Hex/Fire       14%        N/A       26%         3
 Mephitic Cloud           Conj/Pois/Air  14%        N/A       26%         3
 Ozocubu's Armour         Ice            14%        N/A       26%         3
 Spider Form              Tmut/Pois      14%        N/A       26%         3
 Stone Arrow              Conj/Erth      28%        3d8       26%         3
 Swiftness                Air            14%        N/A       26%         3
 Tukima's Dance           Hex            14%        N/A       26%         3
 Vampiric Draining        Necr           14%        2d7       26%         3
 Airstrike                Air            7%         2d(1-17)  61%         4
 Anguish                  Hex/Necr       7%         N/A       61%         4
 Animate Armour           Summ/Erth      28%        N/A       61%         4
 Animate Dead             Necr           14%        N/A       61%         4
 Cause Fear               Hex            7%         N/A       61%         4
 Dispel Undead            Necr           14%        3d10      61%         4
 Flame Wave               Conj/Fire      14%        2d6       61%         4
 Fulminant Prism          Conj/Hex       7%         3d7       61%         4
 Ice Form                 Ice/Tmut       14%        N/A       61%         4
 Leda's Liquefaction      Hex/Erth       7%         N/A       61%         4
 Petrify                  Tmut/Erth      14%        N/A       61%         4
 Sticky Flame             Conj/Fire      14%        2d4       61%         4
 Summon Lightning Spire   Summ/Air       14%        N/A       61%         4
 Disjunction              Tloc           33%        N/A       83%         8
 Alistair's Intoxication  Tmut/Pois      9%         N/A       90%         5
 Blade Hands              Tmut           7%         N/A       90%         5
 Borgnjor's Vile Clutch   Necr/Erth      7%         N/A       90%         5
 Fireball                 Conj/Fire      7%         3d5       90%         5
 Freezing Cloud           Conj/Ice/Air   7%         6-21      90%         5
 Irradiate                Conj/Tmut      7%         3d14      90%         5
 Iskenderun's Battlesphe  Conj           14%        2d7       90%         5
 Lee's Rapid Deconstruct  Erth           7%         3d6*      90%         5
 Lightning Bolt           Conj/Air       7%         1d19      90%         5
 Metabolic Englaciation   Hex/Ice        7%         N/A       90%         5
 Silence                  Hex/Air        7%         N/A       90%         5
 Summon Mana Viper        Hex/Summ       14%        N/A       90%         5
 Yara's Violent Unravell  Hex/Tmut       7%         3d5       90%         5
 Conjure Ball Lightning   Conj/Air       7%         3x3d6     100%        6
 Death Channel            Necr           7%         N/A       100%        6
 Eringya's Noxious Bog    Tmut/Pois      7%         N/A       100%        6
 Iron Shot                Conj/Erth      7%         9d2       100%        6
 Simulacrum               Ice/Necr       7%         N/A       100%        6
 Starburst                Conj/Fire      7%         6d4       100%        6
 Statue Form              Tmut/Erth      9%         N/A       100%        6
 Summon Cactus Giant      Summ           7%         N/A       100%        6
 Dragon Form              Tmut           7%         N/A       100%        7
 Orb of Destruction       Conj           7%         9d6       100%        7
 Ozocubu's Refrigeration  Ice            7%         4d9       100%        7
 Summon Hydra             Summ           7%         N/A       100%        7
 Ignition                 Fire           7%         3d4       100%        8
 Lehudib's Crystal Spear  Conj/Erth      7%         10d3      100%        8
 Chain Lightning          Conj/Air       7%         3d9       100%        9
 Death's Door             Necr           7%         N/A       100%        9
 Dragon's Call            Summ           7%         N/A       100%        9
 Fire Storm               Conj/Fire      7%         8d2       100%        9
 Polar Vortex             Ice            7%         N/A       100%        9
 Shatter                  Erth           7%         3d9*      100%        9


Dungeon Overview and Level Annotations

Branches:
Dungeon (15/15)            Temple (0/1) D:6            Lair (5/5) D:8
  Swamp (4/4) Lair:2       Spider (4/4) Lair:2          Orc (2/2) D:10
    Elf (3/3) Orc:2        Vaults (5/5) D:13          Crypt (0/3) Vaults:3
 Depths (4/4) D:15            Zot (2/5) Depths:4      Sewer (visited)
 Bailey (visited)         Volcano (visited)         Gauntlet (visited)
  Slime: Lair:4-5

Shops:
D:6 =   D:11 :   D:12 *!   Orc:2 !?=[   Vaults:1 *   Vaults:2 [   Vaults:3 (

Portals:
Hell: Depths:1 Depths:2 Depths:3 Depths:4
Abyss: Depths:1 Depths:2 Depths:3
Pandemonium: Orc:2 Depths:2

Annotations:
Lair:4 exclusion: 3 oklob plants


Innate Abilities, Weirdness & Mutations

You are a tree.
Your roots penetrate the ground, keeping you stationary.
You cannot be teleported.
You are immune to unholy pain and torment.
Your maximum health is greatly increased.
Your equipment is partially melded.
You have an increased reservoir of magic. (+10% MP)
You shall have no god before yourself.
Your divine heritage dramatically boosts your attributes as you level up.
((You have sharp toenails.))
Your spells are a little harder to cast, but a little more powerful.


Message History

The profane servitor hits you with a +3 vampiric whip!
* * * LOW HITPOINT WARNING * * *
The profane servitor draws strength from your injuries!
The profane servitor draws strength from your wounds!
The profane servitor hits you with a +3 vampiric whip.
* * * LOW HITPOINT WARNING * * *
The bone dragon bites you but does no damage.
The bone dragon claws you but does no damage.
The bone dragon tramples you but does no damage.
Something hits you but does no damage. Something bites you but does no damage.
Something hits you!!
* * * LOW HITPOINT WARNING * * *
Something bites you but does no damage.
You feel much better.
The profane servitor hits you with a +3 vampiric whip!
* * * LOW HITPOINT WARNING * * *
The profane servitor draws strength from your injuries!
The profane servitor barely misses you. Something hits you but does no damage.
Something bites you but does no damage.
The profane servitor hits you with a +3 vampiric whip.
* * * LOW HITPOINT WARNING * * *
The profane servitor draws strength from your injuries!
The profane servitor hits you but does no damage.
Something hits you but does no damage. Something bites you but does no damage.
The bone dragon bites you!
* * * LOW HITPOINT WARNING * * *
The bone dragon claws you but does no damage.
The bone dragon tramples you but does no damage.
You feel much better. Something hits you!
* * * LOW HITPOINT WARNING * * *
Something bites you but does no damage.
The profane servitor hits you but does no damage. x2
The bone dragon bites you.
* * * LOW HITPOINT WARNING * * *
The bone dragon claws you but does no damage.
The bone dragon tramples you!
* * * LOW HITPOINT WARNING * * *
You hear some strange, mumbled words.
Something hits you!!
You die...

▓▓▓▓▓▓▓▓▓▓▓▓▓
▓▓....n.D....▓▓
▓▓.....{♣{..)..▓
▓▓.......A)......
▓▓...............)
▓▓................)
▓.∩............)..)
▓▓................)
▓▓................
▓▓...............
▓▓........


You could see a bone dragon, a profane servitor and a necrophage (summoned).

Vanquished Creatures
  2 dread liches (Vaults:5)
  2 orbs of fire (Zot:1)
  2 ancient liches (Vaults:5)
  Mara (Spider:3)
  A juggernaut (Zig:7)
  Sojobo (Vaults:2)
  A Killer Klown (Zot:2)
  A royal mummy (Zig:6)
  The ghost of hikkokomori the Slayer, a master GrBe of Trog (Zot:1)
  2 curse toes (Zot:2)
  7 caustic shrikes
  The ghost of Zonian the Warrior, a veteran DjIE of Ashenzari (Vaults:3)
  8 golden dragons
  Jory (Depths:2)
  Nikola (Elf:3)
  2 profane servitors
  Arachne (Spider:2)
  4 bone dragons
  An iron giant (Zig:5)
  2 hellephants (Depths:2)
  Rupert (Lair:4)
  Mlioglotl (Swamp:1)
  13 tentacled monstrosities
  Jorgrun (D:13)
  2 Hell Sentinels (Zig:10)
  4 liches
  3 titans (Vaults:5)
  2 deep elf master archers (Elf:3)
  3 deep elf blademasters
  4 quicksilver dragons
  A sphinx (shapeshifter) (Vaults:5)
  2 death cobs
  5 ancient champions
  5 tentacled starspawn
  11 sphinxes
  18 tengu reavers
  10 storm dragons
  Agnes (Spider:2)
  2 thorn hunters
  Donald (Spider:2)
  4 revenants
  A storm dragon (shapeshifter) (Vaults:4)
  4 draconian monks
  12 shadow dragons
  Roxanne (D:14)
  9 fire giants
  14 deep elf sorcerers
  2 quicksilver elementals (Zig:10)
  2 nagarajas (Zig:8)
  2 draconian knights
  2 draconian scorchers (Zot:1)
  19 vault wardens
  3 fenstrider witches (Swamp:4)
  8 frost giants
  6 iron dragons
  5 spectral caustic shrikes (Depths:3)
  A cacodemon (Abyss:3)
  3 ghouls
  Louise (Swamp:3)
  3 curse skulls
  Aizul (Vaults:3)
  6 ghost moths
  9 deep elf elementalists
  2 orc warlords
  3 draconian shifters
  3 war gargoyles
  A reaper (Swamp:4)
  3 spriggan defenders
  28 very ugly things
  3 broodmothers
  4 draconian stormcallers
  3 draconian annihilators
  18 ironbound preservers
  3 black draconians
  6 ironbound thunderhulks
  8 eleionomae
  5 vampire knights
  9 deep elf demonologists
  16 stone giants
  6 red draconians
  4 white draconians
  4 green draconians (Zot:1)
  4 bunyips
  9 spark wasps
  7 dire elephants (Vaults:2)
  9 purple draconians
  10 deep elf annihilators
  A minotaur (Gauntlet)
  3 eidola
  6 yellow draconians
  9 deep elf death magi
  An iron golem (Zig:10)
  10 fire dragons
  13 crystal guardians
  14 ettins
  Josephine (Lair:4)
  3 mummy priests
  5 entropy weavers
  2 green deaths
  12 yaktaur captains
  9 great orbs of eyes
  7 deep elf high priests
  An ice dragon (shapeshifter) (Vaults:4)
  Fannar (Lair:1)
  44 vault guards
  13 hydras
  11 ice dragons
  5 spriggan air magi
  A salamander tyrant (Zig:8)
  13 rakshasas
  A peacekeeper (Vaults:3)
  13 ironbound frosthearts
  4 ghost crabs
  16 centaur warriors
  2 naga warriors (Zig:8)
  12 ogre magi
  15 two-headed ogres
  32 dancing weapons
  17 boulder beetles
  3 demonspawn (Orc:2)
  5 catoblepae
  14 death yaks
  6 alligators
  3 radroaches
  A satyr (Abyss:3)
  13 hell hogs
  7 deep troll shamans
  11 spriggan berserkers
  7 deep troll earth magi
  7 tengu warriors
  3 vampire magi
  Sonja (Orc:2)
  2 shock serpents
  7 orc high priests
  A shock serpent (shapeshifter) (Vaults:1)
  2 soul eaters
  4 thrashing horrors
  8 hell knights
  Urug (D:13)
  2 sun demons (Depths:2)
  A naga sharpshooter (Zig:1)
  17 deep elf knights
  4 iron trolls
  5 sixfirhies
  A sun moth (Spider:4)
  5 wretched stars
  3 goliath frogs
  8 pharaoh ants
  9 skeletal warriors
  14 steelbarb worms
  A storm dragon skeleton (Depths:2)
  A salamander mystic (Depths:1)
  2 death drakes
  5 flayed ghosts
  7 spriggan druids
  50 deep trolls
  A bunyip zombie (Abyss:3)
  2 bog bodies
  7 swamp dragons
  An orange crystal statue (Depths:3)
  4 orb spiders
  14 ironbound convokers
  5 glowing orange brains
  6 orc knights
  12 necromancers
  4 phantasmal warriors
  12 large abominations
  16 deep elf archers
  33 deep elf zephyrmancers
  12 lindwurms
  12 wizards
  38 deep elf pyromancers
  9 orc sorcerers
  A wolf spider zombie (D:14)
  20 wolf spiders
  4 manticores
  3 mana vipers (Zig:8)
  A shadow dragon skeleton (Zig:3)
  15 cyclopes
  5 will-o-the-wisps
  2 salamanders (Depths:1)
  A stone giant zombie (Depths:2)
  A manticore (shapeshifter) (Vaults:3)
  A worldbinder (Abyss:3)
  14 moths of wrath
  37 ugly things
  A fire giant skeleton (Vaults:1)
  A mana viper (shapeshifter) (Vaults:5)
  27 elephants
  An apocalypse crab (Abyss:2)
  2 rust devils (Depths:2)
  3 black mambas
  3 molten gargoyles
  2 guardian serpents (Zig:8)
  4 gargoyles
  2 centaur zombies
  3 water nymphs
  17 vault sentinels
  A stone giant skeleton (Depths:2)
  6 smoke demons
  15 cane toads
  2 naga magi
  2 orange demons
  3 unseen horrors
  A cane toad (shapeshifter) (Depths:1)
  4 hellions
  A kobold demonologist (D:12)
  2 human zombies
  Maggie (D:8)
  An unseen horror (shapeshifter) (D:15)
  A tormentor (Depths:2)
  An efreet (Abyss:2)
  10 torpor snails
  13 demonic crawlers
  3 hellwings (Swamp:4)
  3 freezing wraiths
  29 yaktaurs
  7 komodo dragons
  3 guardian mummies
  2 hydra zombies (Swamp:4)
  7 tengu conjurers
  6 rime drakes
  6 ancient zymes
  An ice devil (Depths:2)
  2 meliai (Spider:4)
  10 tyrant leeches
  14 polar bears
  A red devil (Depths:2)
  12 hornets
  4 trolls
  19 tarantellas
  2 merfolk (Zig:2)
  2 human skeletons
  A hornet (shapeshifter) (D:14)
  9 raiju
  17 slime creatures
  A sphinx simulacrum (Vaults:3)
  Grinder (D:3)
  7 dream sheep (Lair:5)
  2 alligator zombies (Swamp:4)
  A slime creature (shapeshifter) (Vaults:4)
  12 blink frogs (Lair:2)
  4 flying skulls
  A spriggan (shapeshifter) (Elf:1)
  4 air elementals
  17 jumping spiders
  A fire giant simulacrum (Vaults:1)
  24 culicivoras
  13 spriggans
  5 shadows
  28 starcursed masses
  An elf zombie (Vaults:3)
  An ettin skeleton (Vaults:3)
  25 yaks
  9 fire bats
  A vampire (D:10)
  7 wraiths
  A yak (shapeshifter) (Elf:3)
  4 ynoxinuls
  7 water elementals
  A human (D:10)
  4 wyverns
  A human (shapeshifter) (D:15)
  4 neqoxecs
  3 fire elementals
  6 basilisks
  58 redbacks
  A steam dragon (D:8)
  12 vampire mosquitoes
  7 chaos spawn
  A swamp worm (shapeshifter) (Vaults:4)
  A naga (Zig:8)
  2 harpy simulacra (Abyss:2)
  Edmund (D:5)
  16 wargs
  6 acid dragons
  23 swamp worms
  27 water moccasins
  2 floating eyes (D:15)
  13 hell hounds
  59 orc warriors
  A sky beast (D:6)
  3 swamp drakes
  11 black bears (Lair:5)
  2 ice beasts
  A swamp dragon zombie (Swamp:4)
  7 boggarts
  14 ogres
  20 centaurs
  32 wolves
  12 small abominations
  2 phantoms (D:4)
  17 bullfrogs
  A kobold brigand (D:9)
  A necrophage (D:5)
  An earth elemental (Elf:1)
  5 scorpions
  A glowing shapeshifter simulacrum (Vaults:3)
  16 wights
  A swamp dragon simulacrum (Swamp:4)
  6 killer bees (D:10)
  11 howler monkeys
  A crimson imp (Abyss:3)
  6 lava snakes (Volcano)
  2 quasits (Abyss:2)
  11 jellies
  22 orc priests
  2 hounds (D:6)
  6 gnoll boudas
  2 iron imps (Abyss:2)
  7 iguanas
  23 orc wizards
  4 hell rats (Lair:2)
  26 adders
  28 gnolls
  4 shadow imps
  2 white imps
  4 ufetubi
  2 worms
  3 dart slugs
  78 orcs
  12 ball pythons
  6 bats
  19 endoplasms
  17 giant cockroaches
  18 goblins
  18 hobgoblins
  8 quokkas
  12 frilled lizards
  12 kobolds
  5 rats
  4 starspawn tentacles
2493 creatures vanquished.

Vanquished Creatures (others)
  A fire giant (Vaults:5)
  A ghost moth (Zot:2)
  A reaper (Zig:9)
  2 ogre magi (Depths:2)
  A wizard (Depths:2)
  2 bloated husks
  A jumping spider (Spider:3)
  A boggart (D:15)
  A centaur (D:11)
  3 adders (Lair:4)
  13 foxfires
  29 fungi
  48 plants
  4 starspawn tentacles (Abyss:3)
  4 toadstools (D:1)
112 creatures vanquished.

Grand Total: 2605 creatures vanquished

Notes
Turn   | Place    | Note
-------+----------+-------------------------------------------
     0 | D:1      | blackman the Demigod Gladiator began the quest for the Orb.
     0 | D:1      | Reached XP level 1. HP: 17/17 MP: 3/3
   268 | D:1      | Reached XP level 2. HP: 24/24 MP: 4/4
  1050 | D:2      | Reached XP level 3. HP: 29/29 MP: 5/5
  1345 | D:2      | HP: 1/29 [frozen (5)]
  2145 | D:3      | Reached XP level 4. HP: 23/36 MP: 6/6
  2379 | D:3      | Noticed Grinder
  2389 | D:3      | Killed Grinder
  2390 | D:3      | Reached skill level 5 in Long Blades
  2390 | D:3      | Reached XP level 5. HP: 39/41 MP: 7/7
  2680 | D:4      | Reached XP level 6. HP: 39/48 MP: 8/8
  2856 | D:4      | Found a glowing drain.
  2878 | Sewer    | Entered a sewer
  3178 | Sewer    | Reached XP level 7. HP: 23/53 MP: 9/9
  4452 | D:5      | Entered Level 5 of the Dungeon
  4462 | D:5      | Reached skill level 5 in Throwing
  4686 | D:5      | Reached XP level 8. HP: 55/60 MP: 10/10
  5061 | D:5      | Noticed Edmund
  5069 | D:5      | Killed Edmund
  5231 | D:6      | Found a staircase to the Ecumenical Temple.
  5739 | D:6      | Reached skill level 10 in Long Blades
  6086 | D:6      | Found Xoigeelu's Jewellery Boutique.
  6546 | D:7      | Reached XP level 9. HP: 53/67 MP: 9/11
  6705 | D:7      | Identified the +7 spear "Dafeukh" {freeze, rC+ Str+5 Dex+4}
  7358 | D:7      | Identified a scroll of acquirement
  7360 | D:7      | Acquired a +2 triple sword of draining
  7373 | D:8      | Noticed a cyclops
  7858 | D:9      | Noticed a two-headed ogre
  7878 | D:9      | Killed a two-headed ogre
  8024 | D:9      | Found a flagged portal.
  8068 | Bailey   | Entered a bailey
  8281 | Bailey   | Reached XP level 10. HP: 58/73 MP: 10/13
  8529 | Bailey   | Noticed an orc warlord
  8563 | Bailey   | Killed an orc warlord
  8823 | D:9      | Acquired 995 gold pieces
  9130 | D:9      | Reached skill level 3 in Dodging
  9281 | D:8      | Killed a cyclops
  9374 | D:8      | Noticed a centaur warrior
  9384 | D:8      | Killed a centaur warrior
  9385 | D:8      | Reached skill level 4 in Dodging
  9701 | D:8      | Reached XP level 11. HP: 84/85 MP: 14/14
  9834 | D:8      | Reached skill level 5 in Dodging
  9859 | D:8      | Noticed Maggie
  9866 | D:8      | Killed Maggie
  9996 | D:8      | Found a staircase to the Lair.
 10170 | D:10     | Entered Level 10 of the Dungeon
 10496 | D:10     | Reached skill level 5 in Fighting
 10535 | D:10     | Found a staircase to the Orcish Mines.
 10654 | D:10     | Reached skill level 6 in Dodging
 10966 | D:10     | Acquired a manual of Ranged Weapons
 11402 | Lair:1   | Entered Level 1 of the Lair of Beasts
 11672 | Lair:1   | Noticed Fannar
 11687 | Lair:1   | Killed Fannar
 11693 | Lair:1   | Reached skill level 7 in Dodging
 12742 | Lair:2   | Reached skill level 8 in Dodging
 12887 | Lair:2   | Reached XP level 12. HP: 80/102 MP: 13/15
 12972 | Lair:2   | Reached skill level 9 in Dodging
 13290 | Lair:2   | Noticed a six-headed hydra
 13290 | Lair:2   | Noticed a six-headed hydra
 13658 | Lair:2   | Found a hole to the Spider Nest.
 13837 | Lair:2   | Found a staircase to the Swamp.
 13887 | Lair:2   | Killed an eight-headed hydra
 14053 | Lair:2   | Killed a seven-headed hydra
 14054 | Lair:2   | Reached skill level 10 in Dodging
 14153 | Lair:2   | Reached skill level 10 in Fighting
 14533 | Swamp:1  | Entered Level 1 of the Swamp
 14533 | Swamp:1  | Noticed a bunyip
 14699 | Lair:3   | Identified the +9 war axe of the Priest {antimagic, Fragile
                  | Fly rF+++ SInv}
 14892 | Lair:3   | Found a dark tunnel.
 14901 | Volcano  | Entered a volcano
 15019 | Volcano  | Noticed an ogre mage
 15035 | Volcano  | Paralysed by something for 4 turns
 15041 | Volcano  | Killed an ogre mage
 15042 | Volcano  | Reached skill level 11 in Dodging
 15043 | Volcano  | Reached XP level 13. HP: 77/115 MP: 11/16
 15927 | Lair:4   | Noticed Josephine
 15935 | Lair:4   | Killed Josephine
 15944 | Lair:4   | Reached skill level 12 in Dodging
 16095 | Lair:4   | Noticed Rupert
 16096 | Lair:4   | Paralysed by Rupert for 5 turns
 16187 | Lair:4   | Reached skill level 13 in Dodging
 16467 | Lair:4   | Killed Rupert
 16554 | Lair:4   | You fall into a shaft and drop 1 floor!
 16554 | Lair:5   | Entered Level 5 of the Lair of Beasts
 17386 | Lair:5   | Reached skill level 5 in Armour
 17651 | Lair:5   | Reached XP level 14. HP: 124/124 MP: 17/17
 18124 | Lair:5   | Reached skill level 15 in Long Blades
 19688 | Orc:1    | Entered Level 1 of the Orcish Mines
 20061 | Orc:2    | Entered Level 2 of the Orcish Mines
 20237 | Orc:2    | Found a staircase to the Elven Halls.
 20409 | Orc:2    | Found Acuunu Qedi's Distillery.
 20416 | Orc:2    | Found Emmixus's Magic Scroll Shoppe.
 20917 | Orc:2    | Paralysed by an orc sorcerer for 2 turns
 21017 | Orc:2    | Reached XP level 15. HP: 57/130 MP: 13/18
 21225 | Orc:2    | Found Naduv's Jewellery Shop.
 21225 | Orc:2    | Found Vuvacobb's Antique Armour Boutique.
 21226 | Orc:2    | Found a one-way gate leading to the halls of Pandemonium.
 21317 | Orc:2    | Bought a scroll of blinking for 127 gold pieces
 21373 | Orc:2    | Noticed Sonja
 21394 | Orc:2    | Killed Sonja
 22424 | Swamp:1  | Noticed Mlioglotl
 22441 | Swamp:1  | Killed Mlioglotl
 25870 | Swamp:3  | Noticed Louise
 25910 | Swamp:4  | Entered Level 4 of the Swamp
 26833 | Swamp:3  | Killed Louise
 27051 | Swamp:3  | Identified the +5 arbalest of Detot {drain, rPois}
 27569 | Swamp:4  | Gained mutation: You occasionally lose the ability to read
                  | scrolls when taking damage. [a neqoxec]
 27570 | Swamp:4  | Gained mutation: You have a somewhat thin skeletal
                  | structure. (Dex +2, Stealth+) [a neqoxec]
 28114 | Swamp:4  | Reached XP level 16. HP: 136/141 MP: 17/19
 28835 | Swamp:4  | Paralysed by a fenstrider witch for 3 turns
 29075 | Swamp:4  | Gained mutation: Your spells are a little easier to cast,
                  | but a little less powerful. [a neqoxec]
 29339 | Swamp:4  | Got a decaying rune of Zot
 29484 | Spider:1 | Entered Level 1 of the Spider Nest
 30725 | Spider:1 | Identified the +11 mace of Yesterday {vorpal, rF+}
 31121 | Spider:2 | Reached skill level 15 in Fighting
 31190 | Spider:2 | You fall into a shaft and drop 1 floor!
 31200 | Spider:3 | Noticed Mara
 31361 | Spider:2 | Noticed Agnes
 31376 | Spider:2 | Killed Agnes
 31954 | Spider:2 | Noticed Arachne
 31979 | Spider:2 | Killed Arachne
 32407 | Spider:2 | Noticed Donald
 32418 | Spider:2 | Killed Donald
 33170 | Spider:3 | Reached skill level 14 in Dodging
 33200 | Spider:3 | Reached XP level 17. HP: 105/158 MP: 15/20
 33518 | Spider:4 | Entered Level 4 of the Spider Nest
 34098 | Spider:3 | Noticed blackman's illusion
 34098 | Spider:3 | Killed Mara
 34247 | Spider:3 | Reached skill level 15 in Dodging
 35119 | Spider:4 | Identified the +0 pair of gloves "Odeokoph" {Fly rF+++
                  | Str-4 Dex-5}
 35861 | Spider:4 | Reached skill level 16 in Dodging
 36023 | Spider:4 | Got a gossamer rune of Zot
 36553 | Elf:1    | Entered Level 1 of the Elven Halls
 37138 | Abyss:2  | Cast into level 2 of the Abyss (a deep elf demonologist)
 37576 | Abyss:2  | Reached skill level 17 in Dodging
 37859 | Abyss:2  | Noticed a bone dragon
 38173 | Abyss:2  | Noticed a lich
 38185 | Abyss:2  | Killed a lich
 38216 | Abyss:2  | Noticed a bone dragon
 38226 | Abyss:2  | Killed a bone dragon
 38229 | Elf:1    | Escaped the Abyss
 38285 | Elf:1    | Got Vanwoskuot's Essays on Formation
 39065 | D:11     | Found Wuzoh's Book Emporium.
 39069 | D:11     | Reached XP level 18. HP: 165/166 MP: 21/21
 39182 | D:11     | Identified the +7 sling of Integrity {elec, rC- Will+
                  | Str+5}
 39284 | D:11     | Found a runed translucent door.
 39300 | D:11     | Reached skill level 10 in Armour
 39768 | D:11     | Got Sif Muna's Atlas of Bolts and Venom
 39769 | D:11     | Identified the +0 ring mail of Orones {Fly rF+ rC+ Slay+6}
 40387 | D:12     | Found Iqeenlu's Assorted Antiques.
 40405 | D:12     | Bought a potion of haste for 340 gold pieces
 40445 | D:12     | Found Megg's Distillery.
 40450 | D:12     | Bought a potion of heal wounds for 80 gold pieces
 40824 | D:13     | Found a gate leading to a gauntlet.
 40832 | Gauntlet | Entered a Gauntlet
 40832 | Gauntlet | Found a transporter.
 40832 | Gauntlet | Found a transporter.
 40839 | Gauntlet | Found a transporter.
 40863 | Gauntlet | Found a transporter.
 40873 | Gauntlet | Found a transporter.
 40875 | Gauntlet | Found a transporter.
 40890 | Gauntlet | Found a transporter.
 40905 | Gauntlet | Found a transporter.
 40922 | Gauntlet | Found a transporter.
 40923 | Gauntlet | Found a transporter.
 40931 | Gauntlet | Found a transporter.
 40934 | Gauntlet | Found a transporter.
 41045 | Gauntlet | Acquired the +2 pair of boots of the Lost Path {rPois rCorr
                  | Dex+3}
 41210 | D:13     | Noticed Urug
 41217 | D:13     | Killed Urug
 41559 | D:13     | Found a gate to the Vaults.
 41738 | D:13     | Noticed Jorgrun
 41748 | D:13     | Killed Jorgrun
 42302 | D:14     | Noticed Roxanne
 42316 | D:14     | Killed Roxanne
 42755 | D:15     | Entered Level 15 of the Dungeon
 42764 | D:15     | Identified the +2 rapier "Gojired" {vorpal, rC+}
 42828 | D:15     | Found a transporter.
 42832 | D:15     | Identified the ring of Winter {Int+7 Dex+6}
 42866 | D:15     | Identified the +0 robe of Carhumue {Archmagi}
 42879 | D:15     | Reached skill level 1 in Translocations
 42932 | D:15     | Reached skill level 1 in Spellcasting
 43001 | D:15     | Identified the ring of Xout {rF+ MP+9}
 43041 | D:15     | Found a transporter.
 43659 | D:15     | Identified the ring of Acvunar {Fly rCorr Int+3 Dex+4
                  | Stlth-}
 43665 | D:15     | Learned a level 4 spell: Manifold Assault
 43858 | D:15     | Found a staircase to the Depths.
 43885 | D:15     | Reached skill level 5 in Translocations
 43929 | D:15     | Got the Grimoire of Enchantment
 44020 | Vaults:1 | Entered Level 1 of the Vaults
 44085 | Vaults:1 | Reached skill level 5 in Spellcasting
 44376 | Vaults:1 | Reached XP level 19. HP: 169/172 MP: 31/31
 44831 | Vaults:1 | Found Caegiysu's Assorted Antiques.
 46065 | Vaults:2 | Noticed Sojobo
 46083 | Vaults:2 | Killed Sojobo
 46084 | Vaults:2 | Reached skill level 10 in Translocations
 46726 | Vaults:2 | Found Pomnisib's Armour Emporium.
 47809 | Vaults:3 | Identified the +3 pair of boots of Lightning Storm {rElec
                  | Str-3 Int+3}
 47840 | Vaults:3 | Noticed Aizul
 47853 | Vaults:3 | Killed Aizul
 48014 | Vaults:3 | Noticed Zonian's ghost (veteran DjIE)
 48016 | Vaults:3 | Found a transporter.
 48018 | Vaults:3 | Found a transporter.
 48167 | Vaults:3 | Found a staircase to the Crypt.
 48405 | Vaults:3 | Found Rirhicwa's Weapon Boutique.
 48434 | Vaults:3 | Reached XP level 20. HP: 162/180 MP: 30/35
 49421 | Vaults:3 | Killed Zonian's ghost
 49575 | Vaults:3 | Identified the +0 cloak of Fooshriw {Dex+2}
 51644 | Vaults:4 | Found the -2 hat of the Alchemist {rElec rPois rF+ rC+ rN+
                  | Will+ rMut rCorr}
 52003 | Vaults:5 | Entered Level 5 of the Vaults
 54101 | Vaults:5 | Reached XP level 21. HP: 198/198 MP: 23/36
 54784 | Vaults:5 | Noticed an ancient lich
 54790 | Vaults:5 | Killed an ancient lich
 55240 | Vaults:5 | Noticed a golden dragon
 55245 | Vaults:5 | Killed a golden dragon
 55575 | Vaults:5 | Noticed a golden dragon
 55578 | Vaults:5 | Killed a golden dragon
 55583 | Vaults:5 | Noticed a golden dragon
 55585 | Vaults:5 | Killed a golden dragon
 55840 | Vaults:5 | Identified the ring "Oneam" {rPois rF- rCorr Str+6 Stlth+}
 56038 | Vaults:5 | Found the +8 Wrath of Trog {antimagic, *Rage Rampage}
 56334 | Vaults:5 | Got a silver rune of Zot
 56531 | Vaults:5 | Noticed a golden dragon
 56539 | Vaults:5 | Killed a golden dragon
 56564 | Vaults:5 | Reached skill level 18 in Dodging
 56648 | Vaults:5 | Noticed a dread lich
 56659 | Vaults:5 | Killed a dread lich
 56859 | Vaults:5 | Noticed an ancient lich
 56861 | Vaults:5 | Killed an ancient lich
 56916 | Vaults:5 | Noticed a dread lich
 56919 | Vaults:5 | Killed a dread lich
 57056 | Vaults:5 | Got the Directory of the Feathery Pyre
 57063 | Vaults:5 | Identified the +1 rapier of Watchfulness {holy, rPois
                  | Dex+2}
 57201 | Vaults:5 | Identified the +2 war axe "Oziloile" {antimagic, Dex+2}
 57367 | Vaults:5 | Reached skill level 19 in Dodging
 58205 | Elf:2    | Found a flickering gateway to a bazaar.
 58210 | Elf:2    | Paralysed by an air elemental for 1 turns
 58220 | Bazaar   | Entered a bazaar
 58220 | Bazaar   | Found Dowko's Magic Scroll Shoppe.
 58220 | Bazaar   | Found Sooprufe's Antique Armour Shoppe.
 58220 | Bazaar   | Found Tiuhivau's Jewellery Emporium.
 58220 | Bazaar   | Found Omiuc's Assorted Antiques.
 58220 | Bazaar   | Found Liryluu's General Store.
 58331 | Bazaar   | Bought 2 potions of heal wounds for 250 gold pieces
 58331 | Bazaar   | Bought a scroll of magic mapping for 187 gold pieces
 58637 | Elf:2    | Found a runed translucent gate.
 58637 | Elf:2    | Found a runed translucent gate.
 59127 | Elf:2    | Found a runed translucent gate.
 59149 | Elf:2    | Reached XP level 22. HP: 160/211 MP: 17/37
 59295 | Elf:2    | Reached skill level 20 in Dodging
 59920 | Elf:3    | Entered Level 3 of the Elven Halls
 60710 | Elf:3    | Reached skill level 21 in Dodging
 60904 | Elf:3    | Got the Handbook of Concussion and the Lungs
 60917 | Elf:3    | Identified the ring of the Mantidfly {Will+ MP+9 Dex+6}
 60970 | Elf:3    | Noticed Nikola
 60977 | Elf:3    | Killed Nikola
 61024 | Elf:3    | Identified the amulet "Dutahes" {Spirit rF+ Str-3 Int+2}
 61106 | Elf:3    | Found the +15 Maxwell's patent armour {-Cast -Tele rElec
                  | Will+ rCorr}
 61122 | Elf:3    | Identified the +2 helmet of Impressiveness {rF+}
 61431 | Depths:1 | Entered Level 1 of the Depths
 61441 | Depths:1 | Found a gateway to Hell.
 62076 | Depths:1 | Found a one-way gate to the infinite horrors of the Abyss.
 62132 | Depths:1 | Found a one-way gateway to a ziggurat.
 63797 | Depths:2 | Noticed Jory
 63799 | Depths:2 | Reached skill level 10 in Spellcasting
 63799 | Depths:2 | Reached XP level 23. HP: 217/217 MP: 42/42
 63813 | Depths:2 | Killed Jory
 64181 | Depths:2 | Got the Atlas of Fiery Iniquitous Liturgies
 66107 | Depths:4 | Entered Level 4 of the Depths
 66517 | Depths:4 | Reached skill level 22 in Dodging
 66865 | Depths:4 | Found a gate to the Realm of Zot.
 67114 | Zot:1    | Entered Level 1 of the Realm of Zot
 67375 | Zot:1    | Reached skill level 23 in Dodging
 67386 | Zot:1    | Reached XP level 24. HP: 226/226 MP: 28/46
 67511 | Zot:1    | Found a large runed translucent door.
 67511 | Zot:1    | Found a large runed translucent door.
 67513 | Zot:1    | Noticed hikkokomori's ghost (master GrBe)
 67949 | Zot:1    | Noticed an orb of fire
 67950 | Zot:1    | Noticed an orb of fire
 67954 | Zot:1    | Killed an orb of fire
 67956 | Zot:1    | Killed an orb of fire
 68081 | Zot:1    | Lost mutation: You occasionally lose the ability to read
                  | scrolls when taking damage. [potion of mutation]
 68081 | Zot:1    | Lost mutation: You have a somewhat thin skeletal structure.
                  | (Dex +2, Stealth+) [potion of mutation]
 68081 | Zot:1    | Lost mutation: Your spells are a little easier to cast, but
                  | a little less powerful. [potion of mutation]
 68081 | Zot:1    | Gained mutation: You are frail. (-10% HP) [potion of
                  | mutation]
 68081 | Zot:1    | Gained mutation: You possess an exceptional clarity of
                  | mind. [potion of mutation]
 68082 | Zot:1    | Lost mutation: You are frail. (-10% HP) [potion of
                  | mutation]
 68082 | Zot:1    | Lost mutation: You possess an exceptional clarity of mind.
                  | [potion of mutation]
 68082 | Zot:1    | Gained mutation: You have sharp toenails. [potion of
                  | mutation]
 68082 | Zot:1    | Gained mutation: Your spells are a little harder to cast,
                  | but a little more powerful. [potion of mutation]
 68202 | Zot:1    | Killed hikkokomori's ghost
 68250 | Zot:1    | Identified the +8 war axe "Giantslayer" {pain, Fly rC+
                  | Will+ Str+2}
 68343 | Depths:3 | Voluntarily entered the Abyss.
 68711 | Abyss:3  | Reached skill level 24 in Dodging
 69106 | Abyss:3  | Got an abyssal rune of Zot
 69110 | Depths:3 | Escaped the Abyss
 69551 | Zot:2    | Noticed a Killer Klown
 69558 | Zot:2    | Killed a Killer Klown
 70315 | Zig:1    | Entered Level 1 of a ziggurat
 70335 | Zig:2    | Entered Level 2 of a ziggurat
 70354 | Zig:3    | Entered Level 3 of a ziggurat
 70645 | Zig:4    | Entered Level 4 of a ziggurat
 70669 | Zig:5    | Entered Level 5 of a ziggurat
 70689 | Zig:5    | Identified the +6 rapier "Pel Xye" {freeze, rF+ rC+ Str-3
                  | Int+3}
 70700 | Zig:6    | Entered Level 6 of a ziggurat
 70707 | Zig:6    | Noticed a royal mummy
 70714 | Zig:6    | Killed a royal mummy
 70728 | Zig:7    | Entered Level 7 of a ziggurat
 71274 | Zig:7    | Noticed a juggernaut
 71284 | Zig:7    | Killed a juggernaut
 71396 | Zig:8    | Entered Level 8 of a ziggurat
 71406 | Zig:8    | Reached XP level 25. HP: 233/239 MP: 39/46
 71562 | Zig:8    | Identified the +3 hand axe of Recklessness {vamp, rElec
                  | rCorr Str-3}
 71578 | Zig:9    | Entered Level 9 of a ziggurat
 71818 | Zig:9    | Identified the +4 halberd "Orb Guardian's Curse" {elec,
                  | Int+2}
 71828 | Zig:9    | Identified the +8 halberd of Quiescent Integrity {vorpal,
                  | rC+ Will++ Str+2}
 71829 | Zig:9    | Identified the +0 spear of Eternity {elec, Fragile rElec
                  | rF+++ Int+5}
 71834 | Zig:10   | Entered Level 10 of a ziggurat
 71966 | Zig:10   | Identified the +6 bardiche of Hoggaiji {flame, rF+}
 71967 | Zig:10   | Identified the +10 short sword of Bread {vorpal, Int+5}
 71976 | Zig:10   | Identified the +3 arbalest of Beogh's Fury {freeze, rPois
                  | rF+ rC+}
 71982 | Zig:10   | Identified the +0 robe "Zioham Otrewn" {rPois}
 71986 | Zig:11   | Entered Level 11 of a ziggurat
 72017 | Zig:11   | HP: 13/360 [something (24)]
 72019 | Zig:11   | Slain by a vampire knight

Illustrated notes

Levels and vault maps discovered:
D:1:      lemuel_arrival_behind_the_door_small, layout_loops_ring,
          minmay_gold_behind_fungi, minmay_misc_feat_secret_circle,
          chequers_serial_rivers_micro_e, hangedman_decor_lopped,
          minmay_heptomino_o4
D:2:      layout_basic, basic_altar, minmay_3d_cube
D:3:      cheibrodos_old_hovel, layout_rooms, shapermc_ecumenical_altar_venn,
          uniq_grinder
D:4:      layout_loops_ring, gup_sewer_entry_pipe
D:5:      layout_cave_pools, mainiacjoe_overflow_six_doors_small,
          nicolae_uskayaw_suspiria, amethyst_killhole, uniq_edmund
D:6:      layout_loops_ring, minmay_temple_entry_wispy, serial_shops,
          nicolae_shop_temple_entry_statues_fountains, serial_rivers,
          chequers_serial_rivers_micro_e, chequers_serial_rivers_micro_a,
          chequers_serial_rivers_room_b, chequers_serial_rivers_micro_b
D:7:      layout_rooms, kennysheep_little_box
D:8:      lemuel_slime, layout_basic, mainiacjoe_overflow_concentric_impassable,
          lair_entry_dummy, enter_ossuary_1, grunt_decor_fettered, uniq_maggie
D:9:      layout_rooms, enter_bailey_4
D:10:     layout_layer_cave, erik_orc_4
D:11:     minmay_the_grid_triangle_9x9_recursive_3_mashed
          [minmay_the_grid_triangle_9x9_thin_v,
          minmay_the_grid_triangle_9x9_negative_grid,
          minmay_the_grid_triangle_9x9_longest,
          minmay_the_grid_triangle_9x9_prize_insulated,
          minmay_the_grid_triangle_9x9_intruding_spiral,
          minmay_the_grid_triangle_9x9_subtriangle,
          minmay_the_grid_triangle_9x9_impossible_snake,
          minmay_the_grid_triangle_9x9_sparse_checkered,
          minmay_the_grid_triangle_9x9_descending_squares], layout_cave_pools,
          serial_glass, glass_columns_c, glass_columns_a, glass_columns_c,
          glass_columns_a, glass_columns_c, serial_shops,
          nicolae_take_the_stairs
D:12:     layout_stronghold, serial_shops, nicolae_shop_trees,
          nicolae_shop_crystal
D:13:     layout_basic, erik_vaults_1, gauntlet_entry_generic,
          nicolae_burly_brawl, uniq_urug, uniq_jorgrun
D:14:     kennysheep_seaside_town, layout_cave_pods, minmay_misc_feat_tower,
          lemuel_zombie_altar_yredelemnul, uniq_roxanne
D:15:     hangedman_spin_cycle
Lair:1:   layout_small_grid, st_stairs_6, minivault_25,
          chequers_serial_rivers_room_a, grunt_megastairs_4,
          serial_bayou_shore_b, uniq_fannar
Lair:2:   layout_cave_pods, minmay_swamp_entry_worms,
          spider_nest_entry_funnel_web, columned_hall_lemuel,
          hangedman_lair_generics_rect
Lair:3:   layout_cave_pods, enter_volcano_2, minivault_11,
          nicolae_quartered_pool_medium
Lair:4:   lemuel_reptile_caves, layout_regular_city,
          minmay_slime_entry_oklob_enclosed, grunt_megastairs_1, uniq_josephine,
          uniq_rupert
Lair:5:   guppyfry_lair_end_dragon, layout_hall_layers,
          hangedman_lair_caniforms_friends, basic_altar
Swamp:1:  layout_basic_swamp, nicolae_swamp_little_swirl, swamp_pool1,
          uniq_mlioglotl
Swamp:2:  layout_basic_swamp, evilmike_swamp_ruin_rubble_2
Swamp:3:  layout_basic_swamp, evilmike_swamp_ruin_house_4, uniq_louise
Swamp:4:  nzn_swamp_witches_coven, layout_basic_swamp,
          nicolae_swamp_necromancer_hut
Spider:1: layout_cave_pods
Spider:2: layout_cave_pods, drop_trap, uniq_donald, uniq_arachne, uniq_agnes
Spider:3: layout_spider_delve, nicolae_spider_rock_and_or_roll, uniq_mara
Spider:4: hellmonk_spider_rune_bug_friends, nicolae_spider_paper_wasps
Orc:1:    layout_caves, serial_shops, nicolae_shop_bloodbath_and_beyond,
          kennysheep_orc_sif_temple
Orc:2:    pf_orc_diabolical, layout_caves, basic_altar, uniq_sonja
Elf:1:    minmay_elf_arrival_circle, layout_gridlike, minmay_elf_demonology,
          grunt_ministairs_4
Elf:2:    elven_hall_of_blades_hangedman_original
          [nicolae_vaults_blade_armed_guards], layout_geoelf_grid, serial_shops,
          bzr_entry_safe, chequers_hall_statues_wall_a, hangedman_elf_represent
Elf:3:    elf_hall, layout_gridlike, grunt_megastairs_5, uniq_nikola
Vaults:1: v_alt_pattern_2, hangedman_vaults_corner, vaults_dpeg_cross,
          v_misc_31, v_misc_17, v_alt_pattern_2, vaults_dpeg_emergency_exit,
          v_rooms_4, ontoclasm_vaults_loading_screen,
          nicolae_vaults_fighting_squares, hangedman_vaults_restitches,
          nicolae_vaults_theta, nicolae_vaults_gold_heap, vaults_room_pools,
          vaults_room_stairs_pillars, layout_vaults_maze_snakey, serial_shops,
          nicolae_shop_stone
Vaults:2: vaults_mumra_hexcomb, ontoclasm_vaults_eye, dpeg_vaults_waves,
          vaults_dpeg_spiral, dpeg_vaults_monster_box, hangedman_vaults_slice,
          nicolae_vaults_mini_display_case, v_rooms_3, ontoclasm_vaults_fault,
          vaults_room_grid, ontoclasm_vaults_idyll, layout_vaults_big_cross,
          uniq_sojobo
Vaults:3: gammafunk_ghost_arena, hangedman_vaults_locks,
          hangedman_vaults_stagger, serial_ice_h, ontoclasm_vaults_gallery,
          vaults_room_pool, nicolae_vaults_border_crossing, grunt_vaults_focal,
          vaults_room_pools, ontoclasm_vaults_loading_screen,
          minmay_crypt_entry_simple_statues, layout_vaults_omnibox,
          serial_shops, nicolae_diamond_shop, uniq_aizul
Vaults:4: v_pattern_5, v_alt_pattern_1, nicolae_vaults_ring_of_whatevers,
          st_greater_box_3, v_alt_pattern_2, vaults_room_door_hall,
          ontoclasm_vaults_spin, vaults_room_semicircle, v_misc_14,
          layout_vaults_chaotic_city
Vaults:5
Depths:1: layout_basic, enter_ziggurat_f, abyss_entry, hell_entry,
          evilmike_minifort, serial_bayou_shore_a
Depths:2: cheibrodos_birdhouse, layout_basic, grunt_hell_horde, abyss_entry,
          special_room [special_room_magic_class], grunt_pan_entry_spiral,
          infiniplex_staircase_zigzag_1
Depths:3: minmay_crystal_thing, layout_long_grid, good_gods_mini_temple,
          pf_hell_entry_tar_river, nicolae_abyss_entry_one_way_or_another
Depths:4: grunt_zot_entry_bicorn, layout_gridlike, hell_entry, serial_aquarium,
          aquarium_bridge_straight [aquarium_subvault_bridge,
          aquarium_subvault_wall, aquarium_subvault_bridge,
          aquarium_subvault_wall], aquarium_bridge_long_separate
          [aquarium_subvault_wall, aquarium_subvault_bridge,
          aquarium_subvault_window, aquarium_subvault_wall,
          aquarium_subvault_bridge, aquarium_subvault_wall], aquarium_window_2,
          aquarium_window_1, aquarium_window_2, aquarium_window_corner,
          aquarium_view_2e, aquarium_view_2c, aquarium_pool_1
Zot:1:    layout_cellular_growth, ebering_ghost_disaster_area,
          grunt_ministairs_2, lemuel_lake_of_fire
Zot:2:    hangedman_zot_vaults_quadrants, layout_cathedral_of_symmetry,
          st_small_dragon_hoard_1
Zig:11

Skill      XL: |  1  2  3  4  5  6  7  8  9 10 11 12 13 14 15 16 17 18 19 20 21 22 23 24 25 |
---------------+----------------------------------------------------------------------------+-----
Long Blades    | 3 4 5 6 8 10 13 14 16 19 20 22 | 22.0
Throwing       | 2 3 4 5 |  5.0
Fighting       | 4 8 10 11 12 16 19 20 22 23 | 23.9
Dodging        | 4 8 11 13 14 17 19 21 23 24 | 24.0
Armour         | 6 8 9 10 12 | 12.5
Translocations | 5 12 14 | 14.0
Spellcasting   | 5 7 10 13 | 13.5

Action                   |  1- 3 |  4- 6 |  7- 9 | 10-12 | 13-15 | 16-18 | 19-21 | 22-24 | 25-27 || total
-------------------------+-------+-------+-------+-------+-------+-------+-------+-------+-------++-------
Melee: Long sword        |   119 |   235 |   182 |       |       |       |       |       |       ||   536
       Punch             |     2 |     3 |     4 |       |       |       |       |       |       ||     9
       Great sword       |       |       |    62 |       |       |       |       |       |   150 ||   212
       Triple sword      |       |       |    99 |   526 |  1310 |  1368 |  1164 |  1410 |    24 ||  5901
 Fire: Longbow           |       |       |       |       |     4 |       |       |       |       ||     4
       Arbalest          |       |       |       |       |     8 |     4 |       |       |       ||    12
Throw: Throwing net      |       |     2 |     4 |     1 |       |       |       |       |       ||     7
       Dart              |       |     4 |     5 |       |       |       |       |       |       ||     9
       Boomerang         |       |       |    10 |    21 |     5 |       |       |       |       ||    36
       Javelin           |       |       |     3 |     1 |       |       |       |       |       ||     4
 Cast: Manifold Assault  |       |       |       |       |       |       |   254 |   295 |    49 ||   598
Evoke: Wand              |       |       |    12 |     7 |     3 |     4 |     1 |     2 |       ||    29
  Use: Scroll            |       |     7 |    17 |     9 |    17 |    20 |     6 |     5 |     1 ||    82
       Potion            |       |       |     1 |     2 |    11 |     9 |     2 |     8 |    10 ||    43
 Stab: Held in net/web   |       |     1 |       |     2 |       |       |       |       |       ||     3
       Paralysed         |       |       |     2 |     3 |       |     2 |       |       |       ||     7
       Distracted        |       |       |     1 |       |     2 |     6 |     6 |    19 |       ||    34
       Sleeping          |       |       |       |     1 |     4 |    28 |    12 |    13 |       ||    58
       Confused          |       |       |       |       |     2 |       |       |       |       ||     2
       Petrifying        |       |       |       |       |       |     2 |       |       |       ||     2
       Petrified         |       |       |       |       |       |     2 |       |       |       ||     2
Armor: Scale mail        |    57 |   156 |   121 |       |       |       |       |       |       ||   334
       Fire dragon scale |       |       |    45 |   164 |     2 |       |       |       |       ||   211
       Skin              |       |       |       |    32 |       |       |       |       |    75 ||   107
       Steam dragon scal |       |       |       |    45 |       |       |       |       |       ||    45
       Ring mail         |       |       |       |       |   316 |    87 |   119 |    92 |    18 ||   632
       Swamp dragon scal |       |       |       |       |   120 |   182 |       |       |       ||   302
Dodge: Dodged            |    79 |   140 |   197 |   695 |  2691 |  2281 |  1146 |  1243 |   110 ||  8582

Table legend: (Time is in decaauts)
 A = Elapsed time spent in this place.
 B = Non-inter-level travel time spent in this place.
 C = Inter-level travel time spent in this place.
 D = Time resting spent in this place.
 E = Time spent auto-exploring this place.
 F = Levels seen in this place.
 G = Mean time per level.
                   A        B        C        D        E       F      G
               +--------+--------+--------+--------+--------+-----+--------+
         Total |  71929 |  68195 |   3734 |  16450 |  39215 |  63 | 1141.7 |
       Dungeon |  15209 |  14060 |   1149 |   1356 |  10078 |  15 | 1013.9 |
          Lair |   8454 |   7872 |    582 |    752 |   5255 |   5 | 1690.8 |
         Swamp |   7874 |   7603 |    271 |   3575 |   2947 |   4 | 1968.5 |
   Spider Nest |   6453 |   6238 |    215 |   2494 |   2601 |   4 | 1613.2 |
  Orcish Mines |   2139 |   1837 |    302 |    213 |   1149 |   2 | 1069.5 |
   Elven Halls |   4285 |   4009 |    276 |    368 |   2920 |   3 | 1428.3 |
        Vaults |  13760 |  13344 |    416 |   5249 |   6517 |   5 | 2752.0 |
        Depths |   5894 |   5534 |    360 |    899 |   3826 |   4 | 1473.5 |
           Zot |   2037 |   1877 |    160 |    176 |   1330 |   2 | 1018.5 |
         Abyss |   1785 |   1785 |      0 |    541 |    521 |   3 |  595.0 |
      Ziggurat |   1671 |   1671 |      0 |    809 |    564 |  11 |  151.9 |
        Bazaar |    138 |    138 |      0 |      0 |    121 |   1 |  138.0 |
         Sewer |    755 |    755 |      0 |      0 |    478 |   1 |  755.0 |
        Bailey |    709 |    709 |      0 |      0 |    523 |   1 |  709.0 |
       Volcano |    450 |    450 |      0 |     16 |    217 |   1 |  450.0 |
      Gauntlet |    309 |    309 |      0 |      0 |    166 |   1 |  309.0 |
               +--------+--------+--------+--------+--------+-----+--------+

Top non-repeatable levels by time:
Vaults:4: 5992 daAuts
Spider:3: 2876 daAuts
  Lair:2: 2610 daAuts
 Swamp:1: 2318 daAuts
  Lair:5: 2285 daAuts
Vaults:5: 2166 daAuts
 Swamp:3: 2139 daAuts
Vaults:3: 2017 daAuts
Depths:2: 1955 daAuts
Vaults:2: 1934 daAuts
 Swamp:4: 1717 daAuts
   Orc:2: 1703 daAuts
 Swamp:2: 1699 daAuts
Vaults:1: 1649 daAuts
Depths:3: 1623 daAuts
